 Dungeon Crawl Stone Soup version 0.32-a0-612-g1c984fe9d1 (webtiles) character file.

Game seed: 1673615759020598342

1467 Dittersdorf the Shield-Bearer (level 8, 0/52 HPs)
             Began as a Gargoyle Fighter on Mar 4, 2024.
             Killed from afar by a steam dragon (9 damage)
             ... with a ball of steam
             ... on level 6 of the Dungeon.
             The game lasted 00:04:54 (5382 turns).

Dittersdorf the Shield-Bearer (Gargoyle Fighter)    Turns: 5382, Time: 00:04:55

Health: 0/52       AC: 20    Str: 22    XL:     8   Next: 77%
Magic:  17/17      EV:  8    Int:  9    God:
Gold:   230        SH:  5    Dex:  9    Spells: 7/7 levels left

rFire   . . .        u - +2 whip (flame)
rCold   . . .        c - +0 buckler
rNeg    + . .        h - +0 chain mail
rPois   ∞            (no helmet)
rElec   +            (no cloak)
rCorr   .            (no gloves)
SInv    .            (no boots)
Will    .....        (no amulet) Stlth
                     b - ring of magical power
HPRegen 0.28/turn    s - +4 ring of protection
MPRegen 0.15/turn

%: no passive effects
@: no status effects
A: sickness immunity, AC +5, negative energy resistance 1, electricity
resistance, torment resistance 1, petrification resistance
a: no special abilities


You were on level 6 of the Dungeon.
You visited 2 branches of the dungeon, and saw 7 of its levels.

You collected 230 gold pieces.

Inventory:

Hand Weapons
 a - a +0 flail
 u - a +2 whip of flaming (weapon)
Armour
 c - a +0 buckler (worn)
 h - a +0 chain mail (worn)
Jewellery
 b - a ring of magical power (left hand)
 j - a ring of positive energy
 s - a +4 ring of protection (right hand)
Wands
 r - a wand of flame (10) (quivered)
Scrolls
 g - a scroll of fog
 k - 2 scrolls of blinking {unknown}
 n - 3 scrolls of teleportation
 p - 2 scrolls of vulnerability {unknown}
 q - a scroll of brand weapon {unknown}
Potions
 d - 5 potions of might
 f - 2 potions of heal wounds {unknown}
 l - a potion of haste
 m - a potion of resistance
 t - 2 potions of curing


   Skills:
 + Level 6.7 Fighting
 + Level 5.5 Maces & Flails
 + Level 6.6 Armour
 + Level 6.7 Shields


You had 7 spell levels left.
You didn't know any spells.
Your spell library contained the following spells:

 Spells                   Type           Power      Damage    Failure   Level
 Freeze                   Ice            0%         1d3       95%         1
 Sting                    Conj/Alch      0%         1d3       95%         1
 Mercury Vapours          Alch/Air       0%         N/A       99%         2
 Scorch                   Fire           0%         2d5       99%         2
 Frozen Ramparts          Ice            0%         1d1       100%        3
 Hailstorm                Conj/Ice       0%         3d5       100%        3
 Animate Dead             Necr           0%         N/A       100%        4
 Flame Wave               Conj/Fire      0%         2d4       100%        4
 Leda's Liquefaction      Alch/Erth      0%         N/A       100%        4
 Olgreb's Toxic Radiance  Alch           0%         N/A       100%        4
 Petrify                  Alch/Erth      0%         N/A       100%        4
 Metabolic Englaciation   Hex/Ice        0%         N/A       100%        5
 Summon Cactus Giant      Summ           0%         N/A       100%        6
 Haunt                    Necr/Summ      0%         N/A       100%        7
 Infestation              Necr           0%         N/A       100%        8


Dungeon Overview and Level Annotations

Branches:
Dungeon (6/15)             Temple (1/1) D:5

Altars:
Cheibriados
Dithmenos
Elyvilon
Fedhas
Hepliaklqana
Kikubaaqudgha
Makhleb
Nemelex Xobeh
Qazlal
Ru
Sif Muna
Uskayaw
Vehumet
Wu Jian
Xom
Zin

Annotations:
D:6 Jeremiah


Innate Abilities, Weirdness & Mutations

You are immune to sickness and miasma.
Your stone body is resilient. (AC +5)
You are immune to poison.
You resist negative energy. (rN+)
You are resistant to electric shocks. (rElec)
You are resistant to unholy torment.
You are immune to petrification.


Message History

As you read the scroll labelled YCA TADDOPRU, it crumbles to dust.
You feel aware of your surroundings.
You sensed 1 shop/portal.
It was a scroll of revelation.
Found 7 gold pieces.
You now have 230 gold pieces (gained 7).
The steam dragon breathes steam at you. The ball of steam hits you!
* * * LOW HITPOINT WARNING * * *
An adder comes into view.
You hit the steam dragon. You burn the steam dragon.
The steam dragon is lightly wounded.
You are engulfed in a cloud of scalding steam.
* * * LOW HITPOINT WARNING * * *
The steam dragon bites you but does no damage.
The steam dragon closely misses you.
You hit the steam dragon. You burn the steam dragon.
The steam dragon is moderately wounded.
You are engulfed in a cloud of scalding steam.
The steam dragon closely misses you. The steam dragon barely misses you.
You hit the steam dragon but do no damage.
The steam dragon is moderately wounded.
You are engulfed in a cloud of scalding steam.
A shadow imp comes into view.
The steam dragon breathes steam at you. The ball of steam misses you.
You barely miss the steam dragon.
The steam dragon is moderately wounded.
You are engulfed in a cloud of scalding steam.
The steam dragon closely misses you.
The steam dragon claws you but does no damage.
You hit the steam dragon but do no damage.
The steam dragon is moderately wounded.
The steam dragon barely misses you. x2
You whack the steam dragon! You burn the steam dragon.
The steam dragon is heavily wounded.
You closely miss the steam dragon.
The steam dragon is heavily wounded.
The steam dragon breathes steam at you. The ball of steam hits you!
You die...

,,,*,,,,,,,,,,,,.#.##########.###
,,,*,,*******,**.#..#########...#
*,,,,,,,,,,,,,**.##.###########.#
***,,*****,,,***.##§#######.....[
#*#..## *,*,,,,..§§§§#####§§§...
.*....#*#*,,,***.##§#.§§§§§§§§...
.,....,..,,,*#,,.##..######§§§...
.#...#.###..##.###.....####......
..............SD@......####......
......####..##5###.....####......
.........,,,..,*##.....####......
.<....#****##*,*###########>.....
.......#***,,,,*###########......
.........,,,,,,* #######
##.......,,,,,,**
**.....D.,,,,,,,**
**.......,,,,,,,,*


You could see a steam dragon (catching breath), an adder and a shadow imp.

Vanquished Creatures
  Pikel (D:4)
  Grinder (D:4)
  An ice beast (D:5)
  A black bear (D:4)
  A lemure (D:4)
  A phantom (D:4)
  4 scorpions
  2 jellies (D:5)
  An iguana (D:5)
  2 orc wizards (D:4)
  6 gnolls
  7 adders
  2 shadow imps (D:5)
  3 dart slugs
  A ribbon worm (D:2)
  14 orcs
  6 ball pythons
  6 endoplasms
  4 giant cockroaches
  6 goblins
  10 hobgoblins
  4 jackals (D:1)
  4 quokkas
  3 bats
  3 frilled lizards
  7 kobolds
  4 rats
105 creatures vanquished.

Notes
Turn   | Place    | Note
-------+----------+-------------------------------------------
     0 | D:1      | Dittersdorf the Gargoyle Fighter began the quest for the
                  | Orb.
     0 | D:1      | Reached XP level 1. HP: 14/14 MP: 1/1
   127 | D:1      | Reached XP level 2. HP: 19/19 MP: 2/2
   731 | D:2      | Reached XP level 3. HP: 23/23 MP: 3/3
  1178 | D:2      | Reached XP level 4. HP: 29/29 MP: 4/4
  1899 | D:3      | Found a stormy altar of Qazlal.
  1997 | D:3      | Reached XP level 5. HP: 10/33 MP: 5/5
  2117 | D:3      | Found a blossoming altar of Fedhas.
  2339 | D:3      | Found a radiant altar of Vehumet.
  2755 | D:4      | Found a glowing silver altar of Zin.
  2834 | D:4      | Reached XP level 6. HP: 39/39 MP: 6/6
  2940 | D:4      | Noticed a black bear
  2954 | D:4      | Killed a black bear
  3079 | D:4      | Reached skill level 5 in Fighting
  3116 | D:4      | Reached skill level 5 in Shields
  3144 | D:4      | Reached skill level 5 in Armour
  3162 | D:4      | Reached XP level 7. HP: 42/44 MP: 7/7
  3418 | D:4      | Noticed Pikel
  3446 | D:4      | Killed Pikel
  3447 | D:4      | Reached XP level 8. HP: 21/51 MP: 8/8
  3715 | D:4      | Noticed Grinder
  3721 | D:4      | Paralysed by Grinder for 5 turns
  3741 | D:4      | Killed Grinder
  3742 | D:4      | Reached skill level 5 in Maces & Flails
  4045 | D:5      | Entered Level 5 of the Dungeon
  4588 | D:5      | Found a staircase to the Ecumenical Temple.
  4596 | Temple   | Entered the Ecumenical Temple
  5337 | D:6      | Noticed Jeremiah
  5382 | D:6      | Killed from afar by a steam dragon

Illustrated notes

Levels and vault maps discovered:
D:1:      roderic_crossed_star, layout_loops_cross
D:2:      layout_basic, minmay_misc_feat_x, dreamdust_mushroom_princess
D:3:      kennysheep_big_flooded_room, layout_loops_corners,
          mainiacjoe_overflow_brackets, vehumet_altar_wand_db,
          mainiacjoe_overflow_boulevard
D:4:      minmay_recursive_quarters, layout_loops_corners, zin_treasury,
          uniq_grinder, uniq_pikel
D:5:      layout_basic, minmay_temple_entry_enclosed_plants
D:6:      layout_rooms, portal_sewer_entry_d, kennysheep_generic_room_16,
          uniq_jeremiah
Temple:   nicolae_temple_bog_church

Skill      XL: |  1  2  3  4  5  6  7  8 |
---------------+-------------------------+-----
Fighting       | 4 5 6 |  6.7
Shields        | 4 5 6 |  6.7
Armour         | 4 5 6 |  6.6
Maces & Flails | 3 4 5 |  5.5

Action                     |  1- 3 |  4- 6 |  7- 9 || total
---------------------------+-------+-------+-------++-------
  Melee: Flail             |    73 |       |       ||    73
         Whip              |     2 |   205 |   155 ||   362
  Evoke: Wand              |       |     3 |       ||     3
    Use: Scroll            |       |       |     9 ||     9
 Armour: Scale mail        |    50 |       |       ||    50
         Chain mail        |    24 |   151 |    98 ||   273
  Dodge: Dodged            |    35 |    62 |    36 ||   133
  Block: Buckler           |    21 |    41 |    32 ||    94

Table legend: (Time is in decaauts)
 A = Elapsed time spent in this place.
 B = Non-inter-level travel time spent in this place.
 C = Inter-level travel time spent in this place.
 D = Time resting spent in this place.
 E = Time spent auto-exploring this place.
 F = Levels seen in this place.
 G = Mean time per level.
                   A        B        C        D        E       F      G
               +--------+--------+--------+--------+--------+-----+--------+
         Total |   5381 |   5113 |    268 |    539 |   3711 |   7 |  768.7 |
       Dungeon |   5379 |   5111 |    268 |    539 |   3711 |   6 |  896.5 |
        Temple |      1 |      1 |      0 |      0 |      0 |   1 |    1.0 |
               +--------+--------+--------+--------+--------+-----+--------+

Top non-repeatable levels by time:
     D:4: 1460 daAuts
     D:5: 1124 daAuts
     D:3: 1023 daAuts
     D:2: 991 daAuts
     D:1: 730 daAuts
     D:6: 48 daAuts
  Temple: 1 daAuts
